[Event "Team 45 45 League T40"]
[Site "Internet Chess Club"]
[Date "2009.03.01"]
[Round "5"]
[White "Speedy-Reedy"]
[Black "The7thGuest"]
[Result "0-1"]
[WhiteElo "1904"]
[BlackElo "2015"]
[Opening "KP: Nimzovich defense, Bogolyubov variation"]
[ECO "B00"]
[Time "05:59:27"]
[TimeControl "2700+45"]

1. e4 Nc6 2. d4 d5 3. Nc3 e6 4. Nf3 Nf6 5. e5 Ne4 6. Bd3 f5 7. exf6 Nxf6 8. a3
Bd6 9. O-O O-O 10. Re1 Qe8 11. Ne2 Ng4 12. h3 e5 13. Bxh7+ Kxh7 14. hxg4 Bxg4
15. Ng5+ Kh8 16. dxe5 Qxe5 17. Qd3 Qh2+ 18. Kf1 Rae8 19. f3 Bc5 20. Qh7+ Qxh7
21. Nxh7 Rxf3+ 22. gxf3 Bh3# {White checkmated} 0-1

[Event "Team 45 45 League T40"]
[Site "Internet Chess Club"]
[Date "2009.02.28"]
[Round "5"]
[White "fileman"]
[Black "koni"]
[Result "1/2-1/2"]
[WhiteElo "1899"]
[BlackElo "1890"]
[Opening "Pirc defense"]
[ECO "B07"]
[Time "09:04:24"]
[TimeControl "2700+45"]

1. e4 d6 2. d4 Nf6 3. Nc3 e5 4. dxe5 dxe5 5. Qxd8+ Kxd8 6. Nf3 Bd6 7. Bg5 Be6 8.
O-O-O Nd7 9. Bb5 Kc8 10. h3 a6 11. Ba4 b5 12. Bb3 Bxb3 13. axb3 b4 14. Nd5 Nxe4
15. Be3 f5 16. Rhe1 Re8 17. Nd2 Nxd2 18. Bxd2 a5 19. f3 Kb7 20. g4 fxg4 21. hxg4
Rf8 22. Rf1 Rf7 23. Ne3 g6 24. Nc4 Nb6 25. Nxd6+ cxd6 26. Be3 Rd8 27. f4 exf4
28. Rxf4 Rxf4 29. Bxf4 d5 30. Be3 Rd7 31. Bd4 Nc8 32. Rf1 Na7 33. Rf6 Nc6 34.
Bc5 d4 35. Kd2 Rd5 36. Rf7+ Kc8 37. Bb6 Rd7 38. Rxd7 Kxd7 39. Kd3 h5 40. gxh5
gxh5 41. Bxd4 h4 42. Bf2 h3 43. Bg3 Kc8 44. c3 Kb7 45. Ke2 Ne7 46. Kf3 Kc6 47.
Kg4 Nd5 48. Kxh3 bxc3 49. bxc3 Nxc3 50. Be1 a4 51. Bxc3 axb3 52. Kg3 {Game drawn
by mutual agreement} 1/2-1/2

[Event "Team 45 45 League T40"]
[Site "Internet Chess Club"]
[Date "2009.02.26"]
[Round "5"]
[White "freestyle"]
[Black "tini3blas"]
[Result "0-1"]
[WhiteElo "2242"]
[BlackElo "2245"]
[Opening "French defense"]
[ECO "C01"]
[Time "20:48:33"]
[TimeControl "2700+45"]

1. e4 e6 2. d4 Ne7 3. Nc3 d5 4. Nf3 Nbc6 5. Be2 dxe4 6. Nxe4 Ng6 7. O-O Be7 8.
c4 O-O 9. Be3 f5 10. Nc3 f4 11. Bc1 Bf6 12. d5 Nce7 13. Qb3 Bxc3 14. bxc3 exd5
15. cxd5 Nxd5 16. Bc4 c6 17. Rd1 Qb6 18. Bxd5+ cxd5 19. Qxb6 axb6 20. Rxd5 Be6
21. Rd6 Bxa2 22. Rxb6 Bd5 23. Rxa8 Rxa8 24. Nd2 Re8 25. Kf1 Ne5 26. Rb1 Nd3 27.
Ba3 Ra8 28. Bd6 Ra2 29. Ke2 Bc4 30. f3 b5 31. Kd1 Kf7 32. g3 g5 33. Ke2 Nb2+ 34.
Ke1 Bd3 35. Rc1 Ra6 {White resigns} 0-1

[Event "Team 45 45 League T40"]
[Site "Internet Chess Club"]
[Date "2009.03.01"]
[Round "5"]
[White "menorca"]
[Black "fllinc"]
[Result "1-0"]
[WhiteElo "2195"]
[BlackElo "2061"]
[Opening "Nimzo-Indian: classical variation"]
[ECO "E32"]
[Time "10:07:00"]
[TimeControl "2700+45"]

1. d4 Nf6 2. c4 e6 3. Nc3 Bb4 4. Qc2 O-O 5. Nf3 d5 6. e3 c5 7. a3 Bxc3+ 8. bxc3
Nbd7 9. cxd5 Nxd5 10. e4 Ne7 11. e5 cxd4 12. cxd4 h6 13. Bd3 Nb6 14. O-O Bd7 15.
Qe2 Bc6 16. Be3 Nbd5 17. Nd2 Nxe3 18. fxe3 Nd5 19. Ne4 Qe7 20. Rf2 f5 21. exf6
Nxf6 22. Nxf6+ Rxf6 23. Rxf6 Qxf6 24. Rf1 Qg5 25. Qf2 Qe7 26. Qf4 Bd5 27. e4
Qxa3 28. exd5 Qxd3 29. dxe6 Kh7 30. e7 Re8 31. Qe5 b5 32. d5 b4 33. d6 b3 34.
Qf5+ Qxf5 35. Rxf5 Rc8 36. Rb5 {Black resigns} 1-0

[Event "Team 45 45 League T40"]
[Site "Internet Chess Club"]
[Date "2009.02.27"]
[Round "5"]
[White "DavidAbran"]
[Black "RedAttack"]
[Result "0-1"]
[WhiteElo "1974"]
[BlackElo "2044"]
[Opening "English: Mikenas-Carls, Sicilian variation"]
[ECO "A19"]
[Time "10:03:56"]
[TimeControl "2700+45"]

1. e4 c5 2. c4 e6 3. Nc3 Nf6 4. e5 Ng8 5. Nf3 Be7 6. Be2 d5 7. cxd5 exd5 8. Bb5+
Nc6 9. Qa4 d4 10. Ne4 Bd7 11. O-O Nh6 12. d3 Nf5 13. Bg5 O-O 14. Bxe7 Qxe7 15.
Rac1 a6 16. Bxc6 Bxc6 17. Qc4 b6 18. Rfe1 Rfd8 19. Qc2 Qe6 20. Neg5 Qxa2 21. e6
f6 22. e7 Re8 23. Ne6 Rxe7 24. Nexd4 Rxe1+ 25. Rxe1 Nxd4 26. Nxd4 Qd5 27. Nxc6
Qxc6 28. Qc4+ Kf8 29. Re6 Qb5 30. Qd5 Re8 31. Rxe8+ Qxe8 32. g3 Qb8 33. f4 a5
34. b3 Qc7 35. Kg2 b5 36. Kf3 Qb6 37. Qe4 g6 38. Qa8+ Kg7 39. Qd5 Qa7 40. Qc6 a4
41. g4 a3 42. g5 fxg5 43. Qe6 gxf4 44. Qe5+ Kh6 45. h4 a2 46. Qxf4+ Kg7 47. Qe5+
Kg8 48. Qe8+ Kg7 49. Qe5+ Kf7 50. Qd5+ Kf8 51. Qd8+ Kg7 {White resigns} 0-1

[Event "Team 45 45 League T40"]
[Site "Internet Chess Club"]
[Date "2009.03.03"]
[Round "5"]
[White "frank001"]
[Black "MRX"]
[Result "1/2-1/2"]
[WhiteElo "1974"]
[BlackElo "1728"]
[Opening "Ruy Lopez: Marshall counter-attack"]
[ECO "C89"]
[Time "13:04:48"]
[TimeControl "2700+45"]

1. e4 e5 2. Nf3 Nc6 3. Bb5 a6 4. Ba4 Nf6 5. O-O Be7 6. Re1 b5 7. Bb3 O-O 8. c3
d5 9. exd5 Nxd5 10. Nxe5 Nxe5 11. Rxe5 Nf6 12. d4 Bd6 13. Re1 Ng4 14. h3 Qh4 15.
Qf3 Nxf2 16. Bd2 Bb7 17. Qxb7 Nd3 18. Re2 Qg3 19. Kf1 Nf4 20. Rf2 Qh2 21. Bxf4
Bxf4 22. g4 Qxh3+ 23. Qg2 Qd3+ 24. Kg1 Be3 25. Qf3 Bxf2+ 26. Qxf2 Rae8 27. Bc2
Qh3 28. Nd2 Qxg4+ 29. Kf1 Re6 30. Bf5 Qh5 31. Ne4 Qh1+ 32. Qg1 Qf3+ 33. Qf2 Qh1+
34. Qg1 Qf3+ {Game drawn by mutual agreement} 1/2-1/2

[Event "Team 45 45 League T40"]
[Site "Internet Chess Club"]
[Date "2009.03.02"]
[Round "5"]
[White "wilddog92"]
[Black "fundie"]
[Result "1-0"]
[WhiteElo "2195"]
[BlackElo "2218"]
[Opening "Queen's pawn game"]
[ECO "E10"]
[Time "17:07:26"]
[TimeControl "2700+45"]

1. d4 Nf6 2. Nf3 e6 3. c4 Be7 4. Nc3 O-O 5. Bf4 d6 6. e4 Nbd7 7. Be2 c5 8. e5
Ne8 9. O-O cxd4 10. Qxd4 dxe5 11. Nxe5 Nxe5 12. Qxd8 Bxd8 13. Bxe5 f6 14. Rad1
Bb6 15. Bg3 e5 16. b4 a5 17. a3 axb4 18. axb4 Nc7 19. c5 Ba7 20. Rd6 g5 21. Ne4
Ne8 22. Rd8 Kg7 23. Nxg5 fxg5 24. Bxe5+ Kf7 25. Ra1 Ke7 26. Rxc8 Rxc8 27. Rxa7
Rd8 28. Rxb7+ Ke6 29. Bg3 Nf6 30. Bc4+ Kf5 31. Bd6 Rfe8 32. f3 Re1+ 33. Kf2 Rc1
34. Bd3+ Ke6 35. Re7+ Kd5 36. Bxh7 Ra8 37. Bg6 Ra2+ 38. Kg3 Rb2 39. Be5 Rxb4 40.
Bxf6 Rxc5 41. Re5+ {Black resigns} 1-0

[Event "Team 45 45 League T40"]
[Site "Internet Chess Club"]
[Date "2009.03.01"]
[Round "5"]
[White "jorobo"]
[Black "nb"]
[Result "1/2-1/2"]
[WhiteElo "2187"]
[BlackElo "2111"]
[Opening "English: symmetrical variation"]
[ECO "A35"]
[Time "12:00:31"]
[TimeControl "2700+45"]

1. c4 c5 2. Nc3 Nc6 3. Nf3 e6 4. g3 g5 5. d4 g4 6. d5 gxf3 7. dxc6 fxe2 8. cxd7+
Bxd7 9. Bxe2 Bc6 10. Qxd8+ Rxd8 11. O-O Bh6 12. f4 Bg7 13. Bf3 Ne7 14. Be3 Bxf3
15. Rxf3 b6 16. Rd1 Bxc3 17. Rxd8+ Kxd8 18. bxc3 f5 19. h3 h5 20. Rf2 Nc6 21. g4
hxg4 22. hxg4 Rh3 23. Bd2 Rg3+ 24. Rg2 Rxg2+ 25. Kxg2 fxg4 26. Kg3 Na5 27. Kxg4
Nxc4 28. Be1 Kd7 29. Kf3 Nd6 30. Bh4 Nb5 31. Bf6 Nd6 32. Be5 b5 33. Ke2 Kc6 34.
Kd3 a6 35. Bf6 Kd5 36. Be5 Nc4 37. Bf6 a5 38. Bd8 a4 39. Bf6 a3 40. Be7 Nb2+ 41.
Kc2 Kc4 42. Bd6 Na4 43. Be5 Nb6 44. Kd2 Nd5 45. Kc2 b4 46. cxb4 Nxb4+ 47. Kb1
Nd3 48. Bc7 Nb4 49. Be5 Kd5 50. Bc7 Kc4 51. Be5 {Game drawn by repetition}
1/2-1/2

[Event "Team 45 45 League T40"]
[Site "Internet Chess Club"]
[Date "2009.03.03"]
[Round "5"]
[White "EUPHRATES"]
[Black "LAJ"]
[Result "0-1"]
[WhiteElo "2130"]
[BlackElo "1983"]
[Opening "French: Burn variation"]
[ECO "C11"]
[Time "14:00:20"]
[TimeControl "2700+45"]

1. e4 e6 2. d4 d5 3. Nc3 Nf6 4. Bg5 dxe4 5. Nxe4 Be7 6. Bxf6 Bxf6 7. Nf3 Nd7 8.
Qd2 O-O 9. Bd3 c5 10. O-O-O cxd4 11. Nxf6+ Qxf6 12. Ng5 g6 13. h4 Nc5 14. h5
Nxd3+ 15. cxd3 Bd7 16. hxg6 Qxg6 17. Rxh7 Ba4 18. Rdh1 Rfc8+ 19. Kb1 Bc2+ 20.
Ka1 Bxd3 21. Qf4 Bf5 22. Rh8+ Kg7 23. R1h7+ Qxh7 24. Rxh7+ Bxh7 25. Qxf7+ Kh6
26. Qf6+ Bg6 27. a3 Rf8 28. Qxd4 Kxg5 29. g3 Kh6 30. Qh4+ Kg7 31. Qd4+ Kg8 32.
f4 Bf5 33. Qe5 Rf7 34. Ka2 Rg7 {Black declared winner by adjudication} 0-1

[Event "Team 45 45 League T40"]
[Site "Internet Chess Club"]
[Date "2009.03.02"]
[Round "5"]
[White "pestka"]
[Black "eurander"]
[Result "1-0"]
[WhiteElo "2239"]
[BlackElo "2190"]
[Opening "QGD Slav: 4.e3 Bf5"]
[ECO "D12"]
[Time "16:01:30"]
[TimeControl "2700+45"]

1. c4 c6 2. Nf3 d5 3. d4 Nf6 4. e3 Bf5 5. Nc3 e6 6. Nh4 Bg6 7. Be2 Nbd7 8. O-O
Bd6 9. g3 O-O 10. Nxg6 hxg6 11. b3 e5 12. cxd5 cxd5 13. Nb5 Bb4 14. dxe5 Nxe5
15. Bb2 Nc6 16. Rc1 Rc8 17. Nd4 Qd6 18. Nxc6 bxc6 19. Rc2 Rfe8 20. Qc1 Rc7 21.
Bf3 Ne4 22. Rd1 Qd7 23. Bd4 Ba5 24. Qa3 Bb6 25. Bxb6 axb6 26. Qb4 Qf5 27. Bxe4
Qxe4 28. Qxe4 Rxe4 29. Rxd5 c5 30. Rd8+ Kh7 31. Rd6 Rb4 32. h4 b5 33. Rb6 Kh6
34. Kf1 f6 35. Ke2 c4 36. bxc4 Rbxc4 37. Rxc4 Rxc4 38. Rd6 g5 39. hxg5+ Kxg5 40.
Rd5+ Kg6 41. Rd4 Rc3 42. Rd3 Rc1 43. a3 Rb1 44. g4 b4 45. axb4 Rxb4 46. f4 Rb1
47. Rd7 Ra1 48. Kf3 Rf1+ 49. Ke4 Rg1 50. g5 fxg5 51. f5+ Kf6 52. Rd6+ Ke7 53.
Rg6 Kf7 54. Ke5 g4 55. e4 g3 56. Kf4 Rf1+ 57. Ke3 Re1+ 58. Kf3 Rf1+ 59. Ke2 Rf4
60. Ke3 Rf1 61. Rxg3 Ra1 62. Kf4 Ra4 63. Rb3 Ra7 64. Kg5 Re7 65. Rb4 Ra7 66. e5
Ra1 67. Rb7+ Kf8 68. Rb8+ Kf7 69. e6+ Ke7 70. Kg6 Rg1+ 71. Kh7 Rg5 72. Rb7+ Kd8
73. Rf7 Ke8 74. Kg8 g6 75. f6 Rh5 76. Rf8# {Black checkmated} 1-0

[Event "Team 45 45 League T40"]
[Site "Internet Chess Club"]
[Date "2009.03.01"]
[Round "5"]
[White "frothyjowels"]
[Black "Monsoon-Smith"]
[Result "1-0"]
[WhiteElo "2399"]
[BlackElo "2094"]
[Opening "Réti opening"]
[ECO "A05"]
[Time "12:00:31"]
[TimeControl "2700+45"]

1. Nf3 Nf6 2. g3 b6 3. Bg2 Bb7 4. O-O e6 5. c4 c5 6. b3 Be7 7. Bb2 O-O 8. Nc3 d5
9. e3 dxc4 10. bxc4 Qc8 11. Qe2 Nc6 12. Rfd1 Re8 13. Rac1 e5 14. d3 h6 15. Nb5
Bf8 16. Ba1 Re7 17. Nd6 {Black resigns} 1-0

[Event "Team 45 45 League T40"]
[Site "Internet Chess Club"]
[Date "2009.03.04"]
[Round "5"]
[White "baumhauer"]
[Black "Gil-galad"]
[Result "1/2-1/2"]
[WhiteElo "1917"]
[BlackElo "2093"]
[Opening "English opening"]
[ECO "A05"]
[Time "14:30:40"]
[TimeControl "2700+45"]

1. Nf3 Nf6 2. c4 g6 3. b3 Bg7 4. Bb2 d6 5. e3 e5 6. d3 Nc6 7. Nbd2 O-O 8. Be2
Bg4 9. a3 Re8 10. h3 Bd7 11. b4 Qe7 12. Qc2 e4 13. dxe4 Nxe4 14. Bxg7 Kxg7 15.
Nxe4 Qxe4 16. Qc3+ Kg8 17. O-O Bf5 18. Rac1 Ne5 19. Rfd1 Rad8 20. Rd4 Qc6 21. c5
d5 22. Nxe5 Rxe5 23. b5 Qe8 24. Qa5 Rxe3 {Game drawn by mutual agreement}
1/2-1/2

[Event "Team 45 45 League T40"]
[Site "Internet Chess Club"]
[Date "2009.02.28"]
[Round "5"]
[White "JustinSane"]
[Black "Holzschlange"]
[Result "1-0"]
[WhiteElo "2136"]
[BlackElo "1903"]
[Opening "Nimzovich-Larsen attack: modern variation"]
[ECO "A01"]
[Time "19:58:02"]
[TimeControl "2700+45"]

1. b3 e5 2. Bb2 Nc6 3. e3 d5 4. Bb5 Bd6 5. f4 Qe7 6. Nf3 Bg4 7. fxe5 Bxe5 8.
Bxe5 Bxf3 9. Qxf3 Qxe5 10. Nc3 Nf6 11. Bxc6+ bxc6 12. O-O-O O-O 13. g4 Ne4 14.
d4 Qf6 15. Qxf6 Nxf6 16. g5 Ng4 17. Rde1 Rfe8 18. Kd2 Nf2 19. Rhf1 Ne4+ 20. Nxe4
Rxe4 21. Rf5 Rae8 22. Ref1 Rxe3 23. Rxf7 R3e7 24. Rxe7 Rxe7 25. Re1 Rd7 26. Re6
Rd6 27. Re7 h6 28. gxh6 Rxh6 29. Rxc7 Rxh2+ 30. Kc3 g5 31. Rxc6 Kg7 32. Rd6 g4
33. Rxd5 Kg6 34. Rd8 Kf7 35. Rd5 Kf6 36. Re5 g3 37. Re1 Rf2 38. a4 g2 39. Rg1
Ke6 40. Kd3 Kd6 41. c3 a5 42. Kc4 Rc2 43. b4 axb4 44. Kxb4 Kd5 45. Kb3 Rd2 46.
a5 Kc6 47. Kc4 Ra2 48. d5+ Kd6 49. a6 Rxa6 50. Rxg2 Ra3 51. Rg6+ Kd7 52. Kd4 Ra1
53. c4 Rc1 54. Kc5 Rc2 55. Rg7+ Kc8 56. Kb5 Rc1 57. c5 Rh1 58. Kc6 Rh6+ 59. d6
Rh8 60. Kb6 Rh1 61. Rc7+ Kb8 62. d7 Rh6+ 63. c6 Rh8 64. Rb7+ Ka8 65. Ra7+ Kb8
66. c7# {Black checkmated} 1-0

[Event "Team 45 45 League T40"]
[Site "Internet Chess Club"]
[Date "2009.03.01"]
[Round "5"]
[White "KNVB"]
[Black "gyoung"]
[Result "0-1"]
[WhiteElo "2317"]
[BlackElo "2267"]
[Opening "Dutch defense"]
[ECO "A81"]
[Time "15:00:12"]
[TimeControl "2700+45"]

1. d4 f5 2. g3 Nf6 3. Bg2 g6 4. Nd2 Bg7 5. e4 fxe4 6. Nxe4 Nxe4 7. Bxe4 d5 8.
Bg2 c6 9. h4 O-O 10. Bf4 Qb6 11. Ne2 Qxb2 12. h5 Bf5 13. Rc1 Nd7 14. hxg6 hxg6
15. Qd2 Nf6 16. f3 Kf7 17. g4 Bd7 18. O-O b6 19. Be5 Rh8 20. a4 Qa2 21. Ra1 Qc4
22. Rfe1 Qa6 23. Bf1 Qb7 24. Nf4 Bh6 25. Bd3 Rag8 26. Qe2 Bc8 27. c4 Bxf4 28.
Bxf4 g5 29. Be5 Rh3 30. Kg2 Rh4 31. a5 Qd7 32. axb6 axb6 33. Bxf6 exf6 34. cxd5
cxd5 35. Bb5 Qc7 36. Ra7 Qxa7 37. Be8+ Kg7 38. Bh5 Qc7 39. f4 Qxf4 40. Qe7+ Kh8
{White resigns} 0-1

[Event "Team 45 45 League T40"]
[Site "Internet Chess Club"]
[Date "2009.03.01"]
[Round "5"]
[White "f5"]
[Black "playwaycool"]
[Result "1-0"]
[WhiteElo "2183"]
[BlackElo "2052"]
[Opening "Queen's pawn game, Darooha variation "]
[ECO "D02"]
[Time "23:18:07"]
[TimeControl "2700+45"]

1. d4 d5 2. Nf3 Nf6 3. c4 e6 4. e3 c5 5. Nc3 cxd4 6. exd4 dxc4 7. Bxc4 Be7 8.
O-O O-O 9. Re1 Nbd7 10. a3 a6 11. Ba2 Nb6 12. Bg5 Nfd5 13. Nxd5 Nxd5 14. Bxd5
Bxg5 15. Nxg5 Qxg5 16. Be4 Rd8 17. Qc2 f5 18. Bf3 Rxd4 19. Rad1 Rxd1 20. Rxd1
Qe7 21. Qb3 Rb8 22. Qb6 Kf7 23. h4 e5 24. Rd8 e4 25. Bd1 Qe5 26. Bb3+ Ke7 27.
Rd5 Qf4 28. Qd8+ Ke6 29. Rd6+ {Black resigns} 1-0

[Event "Team 45 45 League T40"]
[Site "Internet Chess Club"]
[Date "2009.03.01"]
[Round "5"]
[White "Gregorio"]
[Black "chiiwen"]
[Result "0-1"]
[WhiteElo "2105"]
[BlackElo "2113"]
[Opening "Sicilian: Hungarian variation"]
[ECO "B34"]
[Time "11:19:07"]
[TimeControl "2700+45"]

1. e4 c5 2. Nf3 g6 3. d4 cxd4 4. Nxd4 Nc6 5. Be3 Bg7 6. Nc3 Nf6 7. Be2 O-O 8.
Qd2 d5 9. Nxc6 bxc6 10. O-O-O Qa5 11. Bh6 Nxe4 12. Nxe4 Qxa2 13. c3 dxe4 14.
Bxg7 Kxg7 15. Qd4+ Kg8 16. Bc4 Qa5 17. h4 Rb8 18. h5 Qa1+ 19. Kd2 Rxb2+ 20. Ke3
Qa5 21. Rd2 Qg5+ 22. Ke2 Bg4+ {White resigns} 0-1

[Event "Team 45 45 League T40"]
[Site "Internet Chess Club"]
[Date "2009.03.01"]
[Round "5"]
[White "Blade"]
[Black "Campagnolo"]
[Result "0-1"]
[WhiteElo "2059"]
[BlackElo "2072"]
[Opening "Ruy Lopez: Morphy defense"]
[ECO "C77"]
[Time "05:00:27"]
[TimeControl "2700+45"]

1. e4 e5 2. Nf3 Nc6 3. Bb5 a6 4. Ba4 Nf6 5. d4 exd4 6. O-O Be7 7. e5 Ne4 8. Nxd4
O-O 9. c3 Nc5 10. Bc2 Nxe5 11. b4 Ne6 12. Nxe6 dxe6 13. Bxh7+ Kxh7 14. Qh5+ Kg8
15. Qxe5 Bd6 16. Qe4 Qf6 17. Re1 Rb8 18. Be3 Bd7 19. Bd4 e5 20. Be3 Bf5 21. Qf3
e4 22. Qh5 Bg6 23. Qg5 Qxg5 24. Bxg5 Be5 25. a4 f6 26. Bc1 Rbd8 27. Ra2 Rd3 28.
h3 Rfd8 29. Rd2 Bxc3 30. Nxc3 Rxd2 31. Bxd2 Rxd2 32. Nxe4 Rd4 33. Nc5 Rxb4 34.
Re7 b6 35. Nxa6 Rxa4 36. Nxc7 Bf7 37. Kh2 Ra7 38. Kg3 b5 39. Kf3 b4 40. Rd7 b3
41. Rd8+ Kh7 42. Nd5 b2 43. Nc3 Ra3 {White resigns} 0-1

[Event "Team 45 45 League T40"]
[Site "Internet Chess Club"]
[Date "2009.03.03"]
[Round "5"]
[White "nosalt"]
[Black "SlimeDog2"]
[Result "0-1"]
[WhiteElo "2008"]
[BlackElo "2217"]
[Opening "Petrov three knights game"]
[ECO "C42"]
[Time "08:31:38"]
[TimeControl "2700+45"]

1. e4 e5 2. Nf3 Nf6 3. Nc3 Bb4 4. a3 Bxc3 5. dxc3 O-O 6. Bg5 d6 7. Bd3 Be6 8.
O-O Nbd7 9. Qe2 h6 10. Bh4 g5 11. Bg3 Nh5 12. Nd2 Nf4 13. Qe3 Kg7 14. f3 Nc5 15.
b4 Ncxd3 16. cxd3 Qd7 17. d4 f6 18. d5 Bg8 19. c4 f5 20. exf5 Bh7 21. Ne4 Bxf5
22. Rfd1 a5 23. Be1 axb4 24. axb4 Rxa1 25. Rxa1 b5 26. g3 Nh3+ 27. Kg2 bxc4 28.
Ra7 Rf7 29. Bc3 Kg6 30. Qe2 Qb5 31. Ra5 Qb6 32. Qe1 g4 33. fxg4 Bxg4 34. b5 Rf5
35. Nd2 Rf2+ 36. Kh1 Rxd2 {White resigns} 0-1

[Event "Team 45 45 League T40"]
[Site "Internet Chess Club"]
[Date "2009.02.25"]
[Round "5"]
[White "Ser-Enigma"]
[Black "dnmuscg"]
[Result "1-0"]
[WhiteElo "2133"]
[BlackElo "1963"]
[Opening "two knights defense: Wilkes Barre (Traxler) variation"]
[ECO "C57"]
[Time "14:02:37"]
[TimeControl "2700+45"]

1. e4 e5 2. Nf3 Nc6 3. Bc4 Nf6 4. Ng5 Bc5 5. Bxf7+ Ke7 6. Bd5 Rf8 7. Nf3 d6 8.
Bxc6 bxc6 9. d4 exd4 10. Nxd4 Qe8 11. O-O Bh3 12. Bf4 Kd7 13. gxh3 Qxe4 14. Ne2
Nd5 15. Nd2 Qf5 16. Bg3 Qxh3 17. Ne4 Bb6 18. c4 Nf6 19. Nxd6 cxd6 20. Qxd6+ Ke8
21. c5 Ba5 22. Qxc6+ Kf7 23. Qa4 Bd8 24. Nf4 Qf5 25. Qc4+ Ke8 26. Rfe1+ Be7 27.
Ne6 Rc8 28. Nxg7+ {Black resigns} 1-0

[Event "Team 45 45 League T40"]
[Site "Internet Chess Club"]
[Date "2009.02.28"]
[Round "5"]
[White "cillu"]
[Black "onslaught"]
[Result "1-0"]
[WhiteElo "2214"]
[BlackElo "2143"]
[Opening "QGD semi-Slav: Meran variation"]
[ECO "D47"]
[Time "13:01:12"]
[TimeControl "2700+45"]

1. d4 Nf6 2. c4 c6 3. Nc3 d5 4. e3 e6 5. Nf3 Nbd7 6. Bd3 dxc4 7. Bxc4 b5 8. Be2
Bb7 9. O-O Be7 10. e4 b4 11. e5 bxc3 12. exf6 Bxf6 13. bxc3 c5 14. dxc5 O-O 15.
Ba3 Be7 16. Qd4 Qc7 17. c6 Bxa3 18. cxd7 Bc5 19. Qd2 Bc6 20. Rad1 Rfd8 21. Qg5
Bxd7 22. Qh5 Ba4 23. Rxd8+ Rxd8 24. Ng5 h6 25. Nxf7 Rd5 26. Nxh6+ gxh6 27. Qg6+
Kf8 28. Qxe6 Rd6 29. Qf5+ {Black resigns} 1-0

[Event "Team 45 45 League T40"]
[Site "Internet Chess Club"]
[Date "2009.02.28"]
[Round "5"]
[White "izit"]
[Black "GeofDeV"]
[Result "1-0"]
[WhiteElo "2202"]
[BlackElo "1903"]
[Opening "Queen's pawn game"]
[ECO "D00"]
[Time "05:18:58"]
[TimeControl "2700+45"]

1. d4 d5 2. e3 Bf5 3. c4 c6 4. Nc3 e6 5. g4 Bg6 6. Nf3 Nd7 7. Bd2 Ngf6 8. cxd5
exd5 9. Nh4 Be4 10. Nxe4 Nxe4 11. Nf3 Qb6 12. Qc2 Ndf6 13. Rg1 Bb4 14. Bd3 Rc8
15. g5 Nxd2 16. Nxd2 Nd7 17. O-O-O c5 18. Kb1 c4 19. Bf5 g6 20. Bg4 c3 21. Nf3
Rc6 22. Bxd7+ Kxd7 23. Ne5+ Ke7 24. Nxc6+ bxc6 25. Qb3 cxb2 26. a3 Bd6 27. Qxb6
axb6 28. Kxb2 Bxh2 29. Rh1 Bd6 30. Kb3 Kd7 31. Rh3 Be7 32. f4 f6 33. gxf6 Bxf6
34. Rdh1 h5 35. Rg1 Rh6 36. Rhg3 h4 37. Rxg6 Rxg6 38. Rxg6 Ke6 39. Kc2 Kf7 40.
f5 Ke7 41. a4 Kf7 42. Kd3 Ke7 43. Ke2 Kf7 44. Kf3 Ke7 45. Kg4 Kf7 46. Kh5 Ke7
47. Rh6 Kf7 48. Rh7+ Ke8 49. Kg6 Be7 50. f6 {Black resigns} 1-0

[Event "Team 45 45 League T40"]
[Site "Internet Chess Club"]
[Date "2009.02.28"]
[Round "5"]
[White "Timotheous"]
[Black "Ivio"]
[Result "1-0"]
[WhiteElo "1697"]
[BlackElo "1741"]
[Opening "English: London defensive system"]
[ECO "A11"]
[Time "07:30:27"]
[TimeControl "2700+45"]

1. Nf3 d5 2. c4 c6 3. g3 Nf6 4. b3 Bf5 5. Bg2 e6 6. O-O Bd6 7. Bb2 Nbd7 8. d4 h6
9. Nbd2 O-O 10. c5 Bc7 11. Re1 Ba5 12. a3 Rb8 13. b4 Bc7 14. Ne5 Nxe5 15. dxe5
Nd7 16. f4 b6 17. e4 Bh7 18. Bd4 bxc5 19. bxc5 Ba5 20. Re2 Rb5 21. a4 Rb4 22.
Nb3 Bc7 23. Qd3 Qb8 24. Nd2 Rd8 25. Rb1 dxe4 26. Bxe4 Bxe4 27. Qxe4 Nf8 28. Rxb4
Qxb4 29. Be3 Qb2 30. Qxc6 Ba5 31. Qb5 Qc1+ 32. Nf1 Qc3 33. Bd2 Rxd2 34. Rxd2 Ng6
35. c6 Bb6+ 36. Kg2 Ne7 37. c7 Qxc7 38. Qd7 Qc5 39. Qe8+ Kh7 40. Qb5 Qg1+ 41.
Kh3 Nd5 42. a5 Bxa5 43. Rg2 Qh1 44. Qb1+ g6 45. Nd2 Qxb1 46. Nxb1 Bb4 47. Ra2 a5
48. Na3 Nc3 49. Ra1 a4 50. Kg2 Bc5 51. Kf3 Kg7 52. Nb1 Nxb1 53. Rxb1 a3 54. Ra1
Kf8 55. Ke4 Ke8 56. Kd3 Kd7 57. Kc4 Kc6 58. h3 Kb6 59. Kb3 Kc6 60. Rd1 Kc7 61.
Rc1 Kc6 62. Ka2 Kb6 63. Rd1 Kc7 64. g4 Be7 65. h4 Kc8 66. h5 gxh5 67. gxh5 Kc7
68. Rg1 Kc6 69. Rg7 Kd5 70. Rxf7 Bc5 71. Rf6 Ke4 72. Rxh6 Kxf4 73. Rxe6 Kf5 74.
Re8 Kg5 75. Rc8 Be7 76. Rc7 Bf8 77. Rf7 Bc5 78. e6 {Black resigns} 1-0

[Event "Team 45 45 League T40"]
[Site "Internet Chess Club"]
[Date "2009.02.28"]
[Round "5"]
[White "RD1974"]
[Black "Tjet"]
[Result "1/2-1/2"]
[WhiteElo "1576"]
[BlackElo "1518"]
[Opening "Philidor: exchange variation"]
[ECO "B07"]
[Time "18:09:15"]
[TimeControl "2700+45"]

1. e4 d6 2. d4 e5 3. Nf3 exd4 4. Nxd4 Nf6 5. Nc3 a6 6. Bc4 g6 7. Bg5 Bg7 8. Qd2
O-O 9. O-O-O Nbd7 10. Nd5 Nxe4 11. Bxd8 Nxd2 12. Rxd2 Rxd8 13. Nxc7 Rb8 14. Nd5
Bxd4 15. Rxd4 Ne5 16. Ne7+ Kg7 17. Nxc8 Rbxc8 18. Bd5 Nc6 19. Re4 Re8 20. Rhe1
Rxe4 21. Rxe4 Rc7 22. f4 Ne7 23. Bb3 h5 24. Kd2 Kf6 25. a4 a5 26. g3 b6 27. Bc4
d5 28. Rxe7 Kxe7 29. Bxd5 f6 30. c4 g5 31. Ke3 h4 32. b3 hxg3 33. hxg3 gxf4+ 34.
gxf4 Rc8 35. Kd4 Rh8 36. c5 bxc5+ 37. Kxc5 Rb8 38. Kc6 Rb4 39. Bc4 f5 40. Kc7
Kf6 41. Kd6 Rb6+ 42. Kc5 Rb8 43. Bb5 Ke7 {Game drawn by mutual agreement}
1/2-1/2

[Event "Team 45 45 League T40"]
[Site "Internet Chess Club"]
[Date "2009.02.27"]
[Round "5"]
[White "GadsHill"]
[Black "dondel"]
[Result "1-0"]
[WhiteElo "1545"]
[BlackElo "1352"]
[Opening "Old Indian defense"]
[ECO "A53"]
[Time "23:00:22"]
[TimeControl "2700+45"]

1. d4 Nf6 2. c4 d6 3. Nc3 d5 4. Bg5 c6 5. e3 Nbd7 6. Nf3 h6 7. Bh4 e6 8. cxd5
exd5 9. Qc2 g5 10. Bg3 c5 11. dxc5 Nxc5 12. Nd4 a6 13. Be2 Bd6 14. O-O O-O 15.
Rac1 Ne6 16. Nf5 Bxg3 17. Nxh6+ Kh8 18. hxg3 Ng7 19. Rfd1 Be6 20. Rd4 Qc8 21.
Rcd1 Nf5 22. Nxf5 Bxf5 23. Qd2 Ne4 24. Nxe4 Bxe4 25. Bf3 Bxf3 26. gxf3 Qf5 27.
Kg2 Rad8 28. Rxd5 Rxd5 29. Qxd5 Qxd5 30. Rxd5 f6 31. Rd7 Rb8 32. Kh3 Kg8 33. Kg4
Kf8 34. Kf5 Ke8 35. Rh7 Rd8 36. Rh8+ Ke7 37. Rxd8 Kxd8 38. Kxf6 {Black resigns}
1-0